[Event "3rd FIDE WCCC Rapid U10 2019"]
[Site "Minsk"]
[Date "2019.08.17"]
[Round "7.3"]
[White "Usov, Aleksandr E."]
[Black "Boykov, Pavel"]
[Result "1-0"]
[ECO "B22"]
[WhiteElo "1919"]
[BlackElo "1643"]
[Annotator "NA"]
[PlyCount "183"]
[EventDate "2019.08.16"]
[EventType "swiss"]
[EventCountry "BLR"]
[SourceTitle "playchess.com"]
[Source "ChessBase"]
[SourceQuality "1"]
[TimeControl "600+5"]

1. e4 c5 2. c3 Nf6 3. e5 Nd5 4. d4 cxd4 5. Nf3 Nc6 6. Bc4 Nb6 7. Bb3 e6 8. cxd4 d6 9. exd6 Bxd6 10. O-O O-O 11. Nc3 Bd7 12. Bg5 Be7 13. Be3 Na5 14. d5 Nxb3 15. Qxb3 Nxd5 16. Nxd5 exd5 17. Qxb7 Rb8 18. Qxd5 Be6 19. Qxd8 Rfxd8 20. b3 Bf6 21. Rad1 a5 22. Bd4 Be7 23. Bc3 Rxd1 24. Rxd1 Ra8 25. Nd4 Bd7 26. Nc2 Bf5 27. Ne3 Be6 28. Nd5 Bd8 29. Nf4 Bf5 30. f3 Bb6+ 31. Kh1 Rc8 32. Nd5 Bc5 33. Bxa5 h6 34. Rc1 Be6 35. Nf4 Bf5 36. b4 Bd6 37. Rxc8+ Bxc8 38. Ne2 Be6 39. a3 Kf8 40. Nd4 Bd7 41. Bb6 Ke8 42. Kg1 g6 43. g3 Bc8 44. Kf2 Kd7 45. f4 Ba6 46. b5 Bb7 47. a4 Bd5 48. a5 Kc8 49. a6 Kb8 50. Nc6+ Ka8 51. Bd4 Bc4 52. Na7 Bb8 53. Nc8 Bxb5 54. a7 Bc7 55. Ne7 Kb7 56. Nd5 Bd8 57. Ke3 Bc6 58. Nb4 Bg2 59. Nd3 Bb6 60. a8=B+ Kxa8 61. Bxb6 Kb7 62. Bd4 Kc7 63. Ne5 Bd5 64. Bc3 Kd6 65. Kd4 Ke6 66. Ke3 Kf5 67. g4+ Ke6 68. Nd3 f5 69. g5 hxg5 70. fxg5 Bc6 71. Nf4+ Kf7 72. Kd4 Bf3 73. Ke5 Bg4 74. Ne6 Be2 75. Bb4 Bc4 76. Nd8+ Kg7 77. Kd6 f4 78. Ne6+ Kf7 79. Nxf4 Bf1 80. h4 Bc4 81. Bc3 Bb3 82. Nd3 Kg8 83. Ne5 Bc2 84. Ke7 Kg7 85. Ng4+ Kg8 86. Nh6+ Kh7 87. Kf8 Bb3 88. Ng4 Be6 89. Nf6+ Kh8 90. Ne8+ Kh7 91. Bg7 Bf7 92. Nf6# 1-0

[Event "3rd FIDE WCCC Rapid U10 2019"]
[Site "Minsk"]
[Date "2019.08.17"]
[Round "7.4"]
[White "Novozhilov, Semen"]
[Black "Bukreev, Stanislav"]
[Result "1-0"]
[ECO "A43"]
[WhiteElo "1686"]
[BlackElo "1257"]
[Annotator "NA"]
[PlyCount "39"]
[EventDate "2019.08.16"]
[EventType "swiss"]
[EventCountry "BLR"]
[SourceTitle "playchess.com"]
[Source "ChessBase"]
[SourceQuality "1"]
[TimeControl "600+5"]

1. d4 Nf6 2. Nf3 c5 3. d5 e6 4. Nc3 exd5 5. Nxd5 Nc6 6. Bg5 Be7 7. Nxe7 Qxe7 8. e3 h6 9. Bh4 g5 10. Bg3 d5 11. Be2 Bf5 12. c3 Ne4 13. Qxd5 Bg6 14. Bb5 Rc8 15. Ne5 Nxg3 16. hxg3 Qc7 17. Rd1 O-O 18. Rxh6 Nxe5 19. f4 Kg7 20. Rh1 {[%emt 0:00:28] time} 1-0

[Event "3rd FIDE WCCC Rapid U10 2019"]
[Site "Minsk"]
[Date "2019.08.17"]
[Round "7.5"]
[White "Morkunas, Gustas"]
[Black "Zemlyanskii, Ivan"]
[Result "1-0"]
[ECO "C11"]
[WhiteElo "1400"]
[BlackElo "1571"]
[Annotator "NA"]
[PlyCount "119"]
[EventDate "2019.08.16"]
[EventType "swiss"]
[EventCountry "BLR"]
[SourceTitle "playchess.com"]
[Source "ChessBase"]
[SourceQuality "1"]
[TimeControl "600+5"]

1. e4 e6 2. d4 d5 3. Nc3 Nf6 4. e5 Nfd7 5. f4 c5 6. Nf3 Nc6 7. Be3 Rb8 8. Be2 Qa5 9. Qd2 b5 10. O-O Be7 11. a3 cxd4 12. Nxd4 Nxd4 13. Bxd4 a6 14. Kh1 Qc7 15. Rad1 O-O 16. Qe3 Bc5 17. Bf3 Bb7 18. Bxc5 Qxc5 19. Qxc5 Nxc5 20. Ne2 Rbc8 21. Nd4 Nd7 22. c3 g6 23. Be2 Nb6 24. Rc1 Na4 25. Rc2 Rc7 26. Rfc1 Rfc8 27. Kg1 Kf8 28. Kf2 Ke7 29. Ke3 Nxb2 30. Rxb2 Rxc3+ 31. Rxc3 Rxc3+ 32. Kd2 Rxa3 33. Bf3 Kd7 34. Nb3 Kc6 35. Nd4+ Kc5 36. Nb3+ Kb6 37. Be2 Bc6 38. Nd4 Bd7 39. Nb3 a5 40. Nd4 b4 41. Nc2 Rc3 42. Nxb4 Rc8 43. Nxd5+ Kc5 44. Nf6 Bc6 45. Rc2+ Kb4 46. Bf3 a4 47. Bxc6 a3 48. Kc1 Kb3 49. Ba4+ Kxa4 50. Rxc8 Kb3 51. Ra8 a2 52. Nxh7 f5 53. exf6 g5 54. Nxg5 e5 55. fxe5 a1=Q+ 56. Rxa1 Kc3 57. f7 Kd3 58. Ra3+ Ke2 59. f8=Q Ke1 60. Re3# 1-0

[Event "3rd FIDE WCCC Rapid U10 2019"]
[Site "Minsk"]
[Date "2019.08.17"]
[Round "7.6"]
[White "Pustovit, Maksym"]
[Black "Plotnikov, Boris"]
[Result "1-0"]
[ECO "B07"]
[WhiteElo "1251"]
[BlackElo "1446"]
[Annotator "NA"]
[PlyCount "109"]
[EventDate "2019.08.16"]
[EventType "swiss"]
[EventCountry "BLR"]
[SourceTitle "playchess.com"]
[Source "ChessBase"]
[SourceQuality "1"]
[TimeControl "600+5"]

1. e4 d6 2. d4 Nf6 3. Nc3 Nc6 4. Be3 e5 5. Nge2 exd4 6. Nxd4 Be7 7. Bb5 Bd7 8. O-O Nxd4 9. Bxd7+ Qxd7 10. Bxd4 O-O 11. Bxf6 Bxf6 12. Nd5 Bd8 13. Ne3 Re8 14. Qf3 Qc6 15. Nd5 Qxc2 16. Nc3 Qxb2 17. Rab1 Qa3 18. Rxb7 Qa6 19. Rb3 c6 20. Rfb1 Bb6 21. a3 Rab8 22. Qf5 Bc7 23. Qd7 Qc8 24. Qxc6 Rxb3 25. Rxb3 d5 26. Qxd5 Rd8 27. Qb7 Bb6 28. Qxc8 Rxc8 29. g3 Rb8 30. Kg2 f6 31. Nd5 Bc7 32. Rxb8+ Bxb8 33. Ne7+ Kf7 34. Nc6 Bd6 35. Nxa7 Bxa3 36. Nb5 Bc5 37. f4 Ke6 38. Kf3 h5 39. Nc3 g5 40. f5+ Ke5 41. h3 Bd4 42. Ne2 Bb2 43. Ke3 g4 44. h4 Ba3 45. Kd3 Bc5 46. Nf4 Bf2 47. Nxh5 Be1 48. Ke3 Ba5 49. Ng7 Bb6+ 50. Kd3 Bf2 51. h5 Bxg3 52. h6 Bf2 53. h7 g3 54. h8=Q g2 55. Qb8# 1-0

[Event "3rd FIDE WCCC Rapid U10 2019"]
[Site "Minsk"]
[Date "2019.08.17"]
[Round "8.1"]
[White "Koshulyan, Egor A."]
[Black "Samunenkov, Ihor"]
[Result "1-0"]
[ECO "B02"]
[WhiteElo "1872"]
[BlackElo "1964"]
[Annotator "NA"]
[PlyCount "65"]
[EventDate "2019.08.16"]
[EventType "swiss"]
[EventCountry "BLR"]
[SourceTitle "playchess.com"]
[Source "ChessBase"]
[SourceQuality "1"]
[TimeControl "600+5"]

1. e4 Nf6 2. e5 Nd5 3. c4 Nb6 4. c5 Nd5 5. Bc4 e6 6. d4 d6 7. cxd6 cxd6 8. Nf3 Nc6 9. O-O Be7 10. a3 O-O 11. Bd3 a5 12. Nbd2 dxe5 13. dxe5 Qc7 14. Re1 Rd8 15. Bb1 b6 16. Qc2 g6 17. Nf1 Ba6 18. Bg5 Rac8 19. Qe4 Bxg5 20. Nxg5 Qe7 21. Qh4 h5 22. Ba2 Kg7 23. Ng3 Nb8 24. N3e4 Nd7 25. Nd6 Rc2 26. Ndxf7 Rf8 27. Bxd5 exd5 28. e6 Nc5 29. Qd4+ Qf6 30. Qxf6+ Kxf6 31. Nh7+ Ke7 32. Nxf8 Kxf8 33. e7+ 1-0

[Event "3rd FIDE WCCC Rapid U10 2019"]
[Site "Minsk"]
[Date "2019.08.17"]
[Round "8.2"]
[White "Morkunas, Gustas"]
[Black "Usov, Aleksandr E."]
[Result "0-1"]
[ECO "B12"]
[WhiteElo "1400"]
[BlackElo "1919"]
[Annotator "NA"]
[PlyCount "84"]
[EventDate "2019.08.16"]
[EventType "swiss"]
[EventCountry "BLR"]
[SourceTitle "playchess.com"]
[Source "ChessBase"]
[SourceQuality "1"]
[TimeControl "600+5"]

1. e4 c6 2. d4 d5 3. e5 c5 4. dxc5 Nc6 5. Nf3 Bg4 6. a3 e6 7. Be2 Bxc5 8. b4 Bb6 9. Bb2 Nge7 10. O-O O-O 11. h3 Bxf3 12. Bxf3 Bc7 13. Re1 Ng6 14. Nd2 Bxe5 15. Bxe5 Ngxe5 16. Be2 Ng6 17. Nb3 Rc8 18. Qd2 Nce5 19. Nd4 Nc4 20. Bxc4 Rxc4 21. Rac1 a6 22. c3 Ne7 23. Nb3 b6 24. Qd3 Qa8 25. Nd2 Rc7 26. Nf3 Rfc8 27. Rc2 b5 28. Rec1 Nf5 29. Ne5 Nd6 30. Qf3 Nc4 31. Nxc4 Rxc4 32. Qe3 R8c6 33. Qf3 Qc8 34. Qd3 d4 35. Qd2 Rxc3 36. Rxc3 Rxc3 37. Rd1 e5 38. Qe2 f6 39. Qa2+ Qc4 40. Qb2 Rc2 41. Qb1 d3 42. Qa1 d2 0-1

[Event "3rd FIDE WCCC Rapid U10 2019"]
[Site "Minsk"]
[Date "2019.08.17"]
[Round "8.3"]
[White "Pham, Tran Gia Phuc"]
[Black "Novozhilov, Semen"]
[Result "0-1"]
[ECO "A58"]
[WhiteElo "1645"]
[BlackElo "1686"]
[Annotator "NA"]
[PlyCount "88"]
[EventDate "2019.08.16"]
[EventType "swiss"]
[EventCountry "BLR"]
[SourceTitle "playchess.com"]
[Source "ChessBase"]
[SourceQuality "1"]
[TimeControl "600+5"]

1. d4 Nf6 2. c4 c5 3. d5 b5 4. cxb5 a6 5. bxa6 g6 6. Nc3 Bg7 7. Nf3 O-O 8. Nd2 d6 9. e4 Nbd7 10. Be2 Nb6 11. O-O Bxa6 12. Bxa6 Rxa6 13. Qe2 Qa8 14. b3 Nfxd5 15. exd5 Bxc3 16. Rb1 Rxa2 17. Qe3 Nxd5 18. Qe1 Nf4 19. f3 Nd3 20. Qe2 Nxc1 21. Rfxc1 Bxd2 22. Rd1 Bg5 23. Qc4 Be3+ 24. Kh1 Qa6 25. Qe4 Qe2 26. Qg4 f5 27. Qh3 Rb2 28. Ra1 Rxb3 29. Re1 Qc2 30. Qh4 Rf7 31. Rxe3 Rxe3 32. Qh6 Ra3 33. Rc1 Qd3 34. Qh4 Qd4 35. Qe1 e5 36. Rd1 Qe3 37. Qf1 Ra2 38. Rb1 Qf2 39. Rb8+ Kg7 40. Qxf2 Rxf2 41. Kg1 Rd2 42. Rc8 e4 43. f4 e3 44. Re8 Rd1# 0-1

[Event "3rd FIDE WCCC Rapid U10 2019"]
[Site "Minsk"]
[Date "2019.08.17"]
[Round "8.4"]
[White "Toktomushev, Teimur"]
[Black "Pustovit, Maksym"]
[Result "1-0"]
[ECO "C40"]
[WhiteElo "1977"]
[BlackElo "1251"]
[Annotator "NA"]
[PlyCount "87"]
[EventDate "2019.08.16"]
[EventType "swiss"]
[EventCountry "BLR"]
[SourceTitle "playchess.com"]
[Source "ChessBase"]
[SourceQuality "1"]
[TimeControl "600+5"]

1. e4 e5 2. Nf3 d5 3. Nxe5 Bd6 4. d4 dxe4 5. Nc4 Nf6 6. Be2 O-O 7. O-O Nc6 8. c3 Ne7 9. Bg5 Nf5 10. Nbd2 Re8 11. Qc2 h6 12. Bxf6 Qxf6 13. Nxe4 Bxh2+ 14. Kxh2 Qh4+ 15. Kg1 Rxe4 16. Bd3 Rf4 17. Ne3 Qg5 18. Nd5 Rh4 19. Bxf5 Bxf5 20. Qxf5 Qxf5 21. Ne7+ Kh7 22. Nxf5 Rf4 23. Ne3 c6 24. g3 Rf6 25. Rae1 Rd6 26. Nf5 Rf6 27. Re5 Rd8 28. Rfe1 b6 29. Ne3 Rd7 30. Nc4 b5 31. Nd2 Rd8 32. Re7 Ra8 33. Ne4 Rf5 34. Nd6 Rf6 35. Ne4 Rf5 36. Nc5 a5 37. Rc7 Rf6 38. Ree7 Kg8 39. Ne4 Rf5 40. Nd6 Rf6 41. Nxf7 Rf8 42. Ne5 Rd8 43. Rxg7+ Kf8 44. Ng6+ 1-0

[Event "3rd FIDE WCCC Rapid U10 2019"]
[Site "Minsk"]
[Date "2019.08.17"]
[Round "8.5"]
[White "Kuznetsov, Ivan V."]
[Black "Zverev, Lev"]
[Result "0-1"]
[ECO "C26"]
[WhiteElo "1434"]
[BlackElo "1881"]
[Annotator "NA"]
[PlyCount "124"]
[EventDate "2019.08.16"]
[EventType "swiss"]
[EventCountry "BLR"]
[SourceTitle "playchess.com"]
[Source "ChessBase"]
[SourceQuality "1"]
[TimeControl "600+5"]

1. e4 e5 2. Nc3 Nf6 3. g3 d5 4. exd5 Nxd5 5. Bg2 Nxc3 6. bxc3 Bd6 7. Ne2 O-O 8. O-O Nc6 9. d3 Be6 10. h3 Qd7 11. Kh2 f5 12. f4 Kh8 13. d4 exd4 14. cxd4 Bc4 15. d5 Ne7 16. Re1 Rae8 17. Qd4 Ba6 18. Bb2 Nc8 19. Ng1 b6 20. Nf3 Bc5 21. Qc3 Qf7 22. Ne5 Qg8 23. Nd7 Rf7 24. Nf6 Rxf6 25. Qxf6 Rf8 26. Qe6 Rf7 27. Qe8 Rf8 28. Qe6 Rf7 29. Qc6 Nd6 30. Qa4 Bb5 31. Qb3 Rd7 32. a4 Bc4 33. Qc3 Bxd5 34. Bxd5 Qxd5 35. Rad1 Qg8 36. Qb3 Qd8 37. Qc3 a5 38. Qe5 Qf8 39. Qe6 Rf7 40. Qe2 Ne4 41. Qf3 h6 42. Rd5 Re7 43. Qh5 Nf6 44. Bxf6 Qxf6 45. Rd8+ Kh7 46. Rxe7 Bxe7 47. Rd5 g6 48. Qe2 Bd6 49. Rd3 Qa1 50. Rd1 Qxa4 51. Qd3 Qc6 52. Qd5 Qxc2+ 53. Rd2 Qc3 54. Qf7+ Qg7 55. Qe6 a4 56. Ra2 a3 57. Qd5 Qe7 58. Qc4 Bc5 59. Re2 Qd7 60. Qc3 Qd1 61. Rg2 a2 62. Qf6 a1=Q 0-1

[Event "3rd FIDE WCCC Rapid U10 2019"]
[Site "Minsk"]
[Date "2019.08.17"]
[Round "8.6"]
[White "Zimin, Artur"]
[Black "Rusanov, Ilya"]
[Result "0-1"]
[ECO "B07"]
[WhiteElo "1672"]
[BlackElo "1267"]
[Annotator "NA"]
[PlyCount "121"]
[EventDate "2019.08.16"]
[EventType "swiss"]
[EventCountry "BLR"]
[SourceTitle "playchess.com"]
[Source "ChessBase"]
[SourceQuality "1"]
[TimeControl "600+5"]

1. d4 Nf6 2. Nc3 g6 3. e4 d6 4. f3 Bg7 5. Be3 Nbd7 6. Qd2 a5 7. O-O-O c6 8. Bh6 O-O 9. g4 b5 10. h4 b4 11. Nce2 b3 12. cxb3 c5 13. h5 a4 14. bxa4 Rxa4 15. b3 Ra3 16. Bxg7 Kxg7 17. Ng3 Qc7 18. hxg6 fxg6 19. Kb1 Ba6 20. Qb2 Qa5 21. Bxa6 Qxa6 22. dxc5 Nxc5 23. g5 Rb8 24. gxf6+ exf6 25. Rh2 Nxb3 26. axb3 Rbxb3 27. Qxb3 Rxb3+ 28. Rb2 Ra3 29. Rf1 Ra1+ 30. Kc2 Qc4+ 31. Kd2 Qd4+ 32. Kc2 Qc4+ 33. Kd2 Rxf1 34. Rb7+ Kh6 35. Nxf1 Qxf1 36. Ne2 Qxf3 37. Re7 d5 38. e5 fxe5 39. Rxe5 Qb3 40. Re3 Qb2+ 41. Ke1 Qb1+ 42. Kf2 Kg7 43. Re7+ Kh6 44. Re3 Qb6 45. Kf3 Qf6+ 46. Kg2 Qg5+ 47. Kf2 Qh4+ 48. Rg3 d4 49. Ng1 Qh2+ 50. Rg2 Qf4+ 51. Nf3 d3 52. Rh2+ Kg7 53. Rh4 Qc1 54. Rd4 Qb2+ 55. Ke3 Qe2+ 56. Kf4 h6 57. Rd7+ Kf6 58. Rd6+ Ke7 59. Rxg6 d2 60. Rg7+ Kf6 61. Rd7 0-1

[Event "3rd FIDE WCCC Rapid U10 2019"]
[Site "Minsk"]
[Date "2019.08.17"]
[Round "9.1"]
[White "Usov, Aleksandr E."]
[Black "Koshulyan, Egor A."]
[Result "0-1"]
[ECO "B22"]
[WhiteElo "1919"]
[BlackElo "1872"]
[Annotator "NA"]
[PlyCount "66"]
[EventDate "2019.08.16"]
[EventType "swiss"]
[EventCountry "BLR"]
[SourceTitle "playchess.com"]
[Source "ChessBase"]
[SourceQuality "1"]
[TimeControl "600+5"]

1. e4 c5 2. c3 Nf6 3. e5 Nd5 4. d4 cxd4 5. Nf3 Nc6 6. Bc4 Nb6 7. Bb3 d5 8. cxd4 Bg4 9. Be3 e6 10. Nc3 Be7 11. h3 Bh5 12. O-O O-O 13. g4 Bg6 14. Nh2 f6 15. f4 fxe5 16. fxe5 Rxf1+ 17. Qxf1 Bg5 18. Qc1 Bxe3+ 19. Qxe3 Qe7 20. Nb5 a6 21. Nd6 Nc8 22. Nxc8 Rxc8 23. Rf1 Rf8 24. Rxf8+ Qxf8 25. Nf3 Qe7 26. a3 Be4 27. Nd2 Bg6 28. Nf3 Be4 29. Nd2 Bg6 30. Kh2 Qd8 31. Nf3 Qb6 32. Kg3 Be4 33. Ng5 Nxd4 {time} 0-1

[Event "3rd FIDE WCCC Rapid U10 2019"]
[Site "Minsk"]
[Date "2019.08.17"]
[Round "9.2"]
[White "Novozhilov, Semen"]
[Black "Samunenkov, Ihor"]
[Result "0-1"]
[ECO "A43"]
[WhiteElo "1686"]
[BlackElo "1964"]
[Annotator "NA"]
[PlyCount "60"]
[EventDate "2019.08.16"]
[EventType "swiss"]
[EventCountry "BLR"]
[SourceTitle "playchess.com"]
[Source "ChessBase"]
[SourceQuality "1"]
[TimeControl "600+5"]

1. d4 Nf6 2. Nf3 c5 3. d5 b5 4. Bg5 Qb6 5. c3 d6 6. Bxf6 exf6 7. e4 g6 8. Nbd2 Bg7 9. a4 b4 10. Nc4 Qd8 11. Bd3 a5 12. O-O O-O 13. Nfd2 Qc7 14. Ne3 Nd7 15. f4 bxc3 16. bxc3 f5 17. exf5 Bxc3 18. fxg6 fxg6 19. Ne4 Bd4 20. Rf3 Nf6 21. Kh1 Nxe4 22. Bxe4 Bxa1 23. Qxa1 Qg7 24. Qb1 Ba6 25. h3 Rab8 26. Qe1 Rbe8 27. Qb1 Qd4 28. Bxg6 Rxe3 29. Bxh7+ Kh8 30. Rf2 Rxh3+ 0-1

[Event "3rd FIDE WCCC Rapid U10 2019"]
[Site "Minsk"]
[Date "2019.08.17"]
[Round "9.3"]
[White "Zverev, Lev"]
[Black "Toktomushev, Teimur"]
[Result "1-0"]
[ECO "B33"]
[WhiteElo "1881"]
[BlackElo "1977"]
[Annotator "NA"]
[PlyCount "107"]
[EventDate "2019.08.16"]
[EventType "swiss"]
[EventCountry "BLR"]
[SourceTitle "playchess.com"]
[Source "ChessBase"]
[SourceQuality "1"]
[TimeControl "600+5"]

1. e4 c5 2. Nf3 e6 3. d4 cxd4 4. Nxd4 Nf6 5. Nc3 Nc6 6. Ndb5 d6 7. Bf4 e5 8. Bg5 a6 9. Na3 b5 10. Bxf6 gxf6 11. Nd5 Bg7 12. g3 f5 13. Bg2 Rb8 14. O-O O-O 15. c3 fxe4 16. Bxe4 f5 17. Bg2 Be6 18. Nc2 Ne7 19. Ncb4 Ra8 20. Nxe7+ Qxe7 21. Bxa8 Rxa8 22. Qd2 a5 23. Nd5 Qf7 24. Rfd1 Rd8 25. a4 Rb8 26. axb5 Rxb5 27. c4 Rc5 28. Rxa5 Rxc4 29. Ra8+ Bf8 30. Ne3 Rd4 31. Qe2 Rxd1+ 32. Qxd1 f4 33. Ng2 Bd5 34. Qg4+ Kh8 35. Rb8 f3 36. Ne3 Bc6 37. Qf5 Kg8 38. Qg4+ Kh8 39. Qc8 Kg7 40. Qxc6 Kg8 41. Qd5 Qxd5 42. Nxd5 e4 43. b4 e3 44. fxe3 f2+ 45. Kxf2 h5 46. b5 h4 47. gxh4 Kh7 48. Rxf8 Kg6 49. b6 Kh5 50. b7 Kg4 51. b8=Q Kh3 52. Qxd6 Kg4 53. Qf4+ Kh5 54. Qg5# 1-0

[Event "3rd FIDE WCCC Rapid U10 2019"]
[Site "Minsk"]
[Date "2019.08.17"]
[Round "9.4"]
[White "Rusanov, Ilya"]
[Black "Vetokhin, Savva"]
[Result "0-1"]
[ECO "B30"]
[WhiteElo "1267"]
[BlackElo "2016"]
[Annotator "NA"]
[PlyCount "118"]
[EventDate "2019.08.16"]
[EventType "swiss"]
[EventCountry "BLR"]
[SourceTitle "playchess.com"]
[Source "ChessBase"]
[SourceQuality "1"]
[TimeControl "600+5"]

1. e4 c5 2. Nf3 Nc6 3. c3 d5 4. exd5 Qxd5 5. Be2 Nf6 6. O-O e5 7. Na3 Be7 8. Bc4 Qd8 9. Bb5 Qc7 10. Nc4 Nd7 11. Re1 O-O 12. Bxc6 Qxc6 13. Ncxe5 Nxe5 14. Nxe5 Qc7 15. d3 b6 16. Bf4 Bd6 17. Bg3 Bf5 18. Qf3 g6 19. Ng4 Kg7 20. Ne3 Be6 21. Nd5 Bxd5 22. Qxd5 Bxg3 23. fxg3 Rad8 24. Qe4 Qd7 25. Rad1 Rfe8 26. Qf3 Rxe1+ 27. Rxe1 Qxd3 28. Qxd3 Rxd3 29. Re2 Kf6 30. Kf2 c4 31. Ke1 b5 32. Re8 Rd6 33. Ra8 a6 34. Ke2 Kf5 35. Rf8 f6 36. Re8 h5 37. Ke3 Rd1 38. Ra8 Rb1 39. Rxa6 Rxb2 40. Kf3 g5 41. h3 g4+ 42. hxg4+ hxg4+ 43. Ke3 Rxg2 44. a4 Rxg3+ 45. Kf2 Rf3+ 46. Kg2 bxa4 47. Rxa4 Rxc3 48. Ra5+ Kf4 49. Ra2 f5 50. Rf2+ Rf3 51. Rc2 c3 52. Kg1 g3 53. Rc1 Ke4 54. Re1+ Kd3 55. Rd1+ Ke2 56. Rc1 Kd2 57. Ra1 c2 58. Kg2 Rc3 59. Ra2 Kd1 0-1

[Event "3rd FIDE WCCC Rapid U10 2019"]
[Site "Minsk"]
[Date "2019.08.17"]
[Round "9.5"]
[White "Boykov, Pavel"]
[Black "Krasnoperov, Platon"]
[Result "1-0"]
[ECO "C02"]
[WhiteElo "1643"]
[BlackElo "1471"]
[Annotator "NA"]
[PlyCount "93"]
[EventDate "2019.08.16"]
[EventType "swiss"]
[EventCountry "BLR"]
[SourceTitle "playchess.com"]
[Source "ChessBase"]
[SourceQuality "1"]
[TimeControl "600+5"]

1. e4 e6 2. d4 d5 3. e5 c5 4. c3 Qb6 5. Nf3 Nc6 6. a3 Nh6 7. b4 cxd4 8. cxd4 Nf5 9. Be3 h5 10. Bd3 Bd7 11. Bxf5 exf5 12. Nc3 Be6 13. O-O Be7 14. Na4 Qd8 15. Nc5 O-O 16. Nxb7 Qb6 17. Nc5 g6 18. Bg5 Rfe8 19. Bxe7 Rxe7 20. Qd2 Qd8 21. Rac1 Nb8 22. Ng5 Nd7 23. Nb7 Qf8 24. Nd6 Nb6 25. Rc5 Rd8 26. f4 Bd7 27. Rfc1 f6 28. Nf3 Re6 29. Rc7 Rxd6 30. exd6 Qxd6 31. Nh4 Kg7 32. Qf2 Kh6 33. Qg3 Be8 34. R1c6 Qf8 35. Rxa7 Nc8 36. Rb7 Nd6 37. Rxd6 Rxd6 38. Rc7 Re6 39. b5 Re7 40. b6 Rxc7 41. bxc7 Bf7 42. Qc3 Qc8 43. Qc6 Kg7 44. Qb6 Be6 45. a4 Kf7 46. a5 g5 47. fxg5 1-0

[Event "3rd FIDE WCCC Rapid U10 2019"]
[Site "Minsk"]
[Date "2019.08.17"]
[Round "9.6"]
[White "Stasenko, Andrey"]
[Black "Morkunas, Gustas"]
[Result "1/2-1/2"]
[ECO "C49"]
[WhiteElo "1207"]
[BlackElo "1400"]
[Annotator "NA"]
[PlyCount "200"]
[EventDate "2019.08.16"]
[EventType "swiss"]
[EventCountry "BLR"]
[SourceTitle "playchess.com"]
[Source "ChessBase"]
[SourceQuality "1"]
[TimeControl "600+5"]

1. e4 e5 2. Nf3 Nc6 3. Nc3 Nf6 4. Bb5 Bb4 5. O-O d6 6. d3 Bxc3 7. bxc3 O-O 8. Bg5 h6 9. Bh4 Bg4 10. h3 Bh5 11. Re1 a6 12. Ba4 Qe7 13. Rb1 b5 14. Bb3 Na5 15. Qe2 Nxb3 16. cxb3 Qe6 17. Qe3 Nd7 18. d4 Rfe8 19. d5 Qg6 20. c4 Bxf3 21. Qxf3 b4 22. Rbc1 Nc5 23. Qe3 f5 24. f3 f4 25. Qe2 Qf7 26. Bf2 Qe7 27. Bxc5 dxc5 28. Qf2 Qd6 29. Qb2 a5 30. Rcd1 a4 31. Ra1 a3 32. Qf2 Rf8 33. Rad1 Rf6 34. Kf1 Rg6 35. Ke2 Rg3 36. h4 Qg6 37. Rg1 Qd6 38. Rh1 h5 39. Rh2 Rf8 40. Kf1 Rf6 41. Qg1 Rfg6 42. Qh1 Qe7 43. Rh3 Qf6 44. Rxg3 Rxg3 45. Kf2 Qd6 46. Qg1 Qf6 47. Qh2 Qd6 48. Rh1 Qg6 49. Qg1 Qf6 50. Kf1 Qd6 51. Rh2 Qe7 52. Qh1 Qd7 53. Kf2 Qc8 54. Qa1 Qe8 55. Qh1 Qd7 56. Qg1 Qe7 57. Kf1 Qd6 58. Kf2 Qe7 59. Qh1 Qd7 60. Qd1 Qd6 61. Qh1 Qd7 62. Qg1 Qe7 63. Kf1 Qd6 64. Qh1 Qd7 65. Kf2 Qc8 66. Qd1 Qd7 67. Qd2 Qd6 68. Qe2 Qd7 69. Qf1 Qe7 70. Qg1 Qd6 71. Qh1 Qd7 72. Qa1 Qd6 73. Rh1 Kf7 74. Qd1 Kg8 75. Qg1 Qg6 76. Rh2 Qd6 77. Rh3 Qg6 78. Qh2 Rxh3 79. Qxh3 Qe8 80. Qf5 g6 81. Qf6 Kh7 82. Qg5 Kg7 83. g3 fxg3+ 84. Kxg3 Kf7 85. f4 exf4+ 86. Kxf4 Qd7 87. e5 Kg7 88. Qf6+ Kh7 89. Qg5 Qf7+ 90. Qf6 Qd7 91. e6 Qd6+ 92. Qe5 Qe7 93. Kg3 Kg8 94. Qf4 Kg7 95. Qg5 Qxg5+ 96. hxg5 Kf8 97. Kf4 Ke7 98. Ke5 h4 99. Kf4 c6 100. dxc6 Kxe6 1/2-1/2